 Dungeon Crawl Stone Soup version 0.31.0-32-g396128a36d (webtiles) character file.

Game seed: 8407620878636889528

284793 Gabide the Peltast (level 19, -2/167 (173) HPs)
             Began as a Demigod Wanderer on Apr 22, 2024.
             Slain by a deep troll earth mage (7 damage)
             ... on level 3 of the Depths.
             The game lasted 01:41:08 (40612 turns).

Gabide the Peltast (Demigod Wanderer)              Turns: 40612, Time: 01:41:09

HP:   -2/167 (173)  AC: 31    Str: 25    XL:     19   Next: 5%
MP:   22/22         EV: 17    Int: 14    God:
Gold: 2181          SH: 22    Dex: 29    Spells: 18/18 levels left

rFire   + + +        a - +8 scimitar (flame)
rCold   + . .        H - +5 kite shield {reflect}
rNeg    + + .        R - +1 gold dragon scales
rPois   +            d - +3 crown of Dyrovepreva {rElec Int+2 SInv}
rElec   +            z - scarf {repulsion}
rCorr   +            x - +2 pair of gloves of Music {Int+2}
SInv    +            J - +1 pair of boots of Satisfaction {rElec rN++ Stlth-}
Will    ++...        F - amulet of regeneration Stlth
                     l - ring of resist corrosion
HPRegen 1.27/turn    S - ring "Zuextut" {rF++ Will+}
MPRegen 0.18/turn

%: repel missiles, reflection
@: about to teleport, studying Shields, lightly drained
A: high MP 1, forlorn, divine attributes
}: 2/15 runes: barnacled, gossamer
a: no special abilities


You were on level 3 of the Depths.
You visited 7 branches of the dungeon, and saw 34 of its levels.
You visited 1 bazaar.
You also visited: Sewer and Gauntlet.

You collected 4975 gold pieces.
You spent 2794 gold pieces at shops.

Inventory:

Hand Weapons
 a - a +8 scimitar of flaming (weapon)
 b - the +5 long sword "Xozeod" {protect, rPois Will++ Stlth+}
   (You bought it in a shop on level 2 of the Orcish Mines)

   rPois:     It protects you from poison Will++: It greatly increases your
   willpower.
   Stlth+:    It makes you more stealthy.
Missiles
 f - 5 throwing nets
 r - 6 curare-tipped darts (quivered)
 O - 10 silver javelins
Armour
 c - the +5 ring mail of Bocap {rPois rC+ Regen+ SInv}
   (You found it on level 1 of the Shoals)

   rC+:       It protects you from cold.
   rPois:     It protects you from poison SInv: It lets you see invisible.
   Regen+:    It increases your rate of health regeneration.
 d - the +3 crown of Dyrovepreva (worn) {rElec Int+2 SInv}
   (You bought it in a shop on level 1 of the Shoals)

   Int+2:     It affects your intelligence (+2).
   rElec:     It insulates you from electricity.
   SInv:      It lets you see invisible.
 t - the +6 scale mail "Evoem" {rN+}
   (You found it on level 5 of the Dungeon)

   rN+:       It protects you from negative energy.
 x - the +2 pair of gloves of Music (worn) {Int+2}
   (You bought it in a shop on level 1 of the Orcish Mines)

   Int+2:     It affects your intelligence (+2).
 z - a scarf of repulsion (worn)
 H - a +5 kite shield of reflection (worn)
 I - a +1 pair of boots of flying
 J - the +1 pair of boots of Satisfaction (worn) {rElec rN++ Stlth-}
   (You found it in a Gauntlet)

   rElec:     It insulates you from electricity.
   rN++:      It greatly protects you from negative energy.
   Stlth-:    It makes you less stealthy.
 Q - the +0 cloak of the Fiddle {rElec Will+++ Dex-5 Stlth+}
   (You found it on level 12 of the Dungeon)

   Dex-5:     It affects your dexterity (-5).
   rElec:     It insulates you from electricity.
   Will+++:   It greatly increases your willpower.
   Stlth+:    It makes you more stealthy.
 R - +1 gold dragon scales (worn)
Jewellery
 i - an amulet of reflection
 l - a ring of resist corrosion (left hand)
 s - a +6 ring of dexterity
 w - the ring "Henwom" {Fire ^Contam rCorr Str+5 Int+2}
   (You found it on level 7 of the Dungeon)

   [ring of fire]

   Fire:      It enhances your fire magic.
   Str+5:     It affects your strength (+5).
   Int+2:     It affects your intelligence (+2).
   rF+:       It protects you from fire.
   rC-:       It makes you vulnerable to cold.
   ^Contam:   It causes magical contamination when unequipped.
   rCorr:     It protects you from acid and corrosion.
 C - the ring of Monnal {rF++ MP+9 SInv}
   (You bought it in a shop on level 10 of the Dungeon)

   [ring of magical power]

   rF++:      It greatly protects you from fire.
   MP+9:      It affects your magic capacity (+9).
   SInv:      It lets you see invisible.
 F - an amulet of regeneration (around neck)
 S - the ring "Zuextut" (right hand) {rF++ Will+}
   (You found it on level 4 of the Shoals)

   [ring of willpower]

   rF++:      It greatly protects you from fire.
   Will+:     It increases your willpower.
Wands
 g - a wand of quicksilver (22)
 n - a wand of paralysis (6)
 Z - a wand of digging (8)
Scrolls
 m - 6 scrolls of blinking
 u - 7 scrolls of fog
 y - 2 scrolls of poison
 A - 3 scrolls of fear
 B - 6 scrolls of teleportation
 D - 2 scrolls of vulnerability
 K - 4 scrolls of immolation
 T - 6 scrolls of identify
 U - a scroll of silence
 V - 2 scrolls of brand weapon
 Y - a scroll of summoning
Potions
 e - a potion of heal wounds
 h - a potion of resistance
 j - 5 potions of haste
 k - 4 potions of invisibility
 o - 10 potions of mutation
 p - a potion of berserk rage
 q - 3 potions of might
 v - 8 potions of curing
 E - 3 potions of magic
 G - 3 potions of attraction
 L - 4 potions of lignification
 P - 2 potions of enlightenment
 W - a potion of cancellation
 X - 10 potions of ambrosia
Miscellaneous
 M - a phial of floods
 N - a sack of spiders


   Skills:
 + Level 16.3 Fighting
 + Level 16.4 Long Blades
 - Level 3.0 Maces & Flails
 - Level 1.0 Throwing
 + Level 16.3 Armour
 + Level 16.3 Dodging
 - Level 1.0 Stealth
 + Level 17.4 Shields


You had 18 spell levels left.
You didn't know any spells.
Your spell library contained the following spells:

 Spells                   Type           Power      Damage    Failure   Level
 Apportation              Tloc           0%         N/A       100%        1
 Foxfire                  Conj/Fire      0%         2x1d4     100%        1
 Necrotise                Necr           0%         1d4       100%        1
 Shock                    Conj/Air       0%         1d3       100%        1
 Sting                    Conj/Alch      0%         1d3       100%        1
 Summon Small Mammal      Summ           0%         N/A       100%        1
 Lesser Beckoning         Tloc           0%         N/A       100%        2
 Scorch                   Fire           0%         2d5       100%        2
 Static Discharge         Conj/Air       0%         3-3/arc   100%        2
 Call Canine Familiar     Summ           0%         N/A       100%        3
 Dazzling Flash           Conj/Hex       0%         N/A       100%        3
 Gell's Gravitas          Tloc           0%         N/A       100%        3
 Mephitic Cloud           Conj/Alch/Air  0%         N/A       100%        3
 Ozocubu's Armour         Ice            0%         N/A       100%        3
 Sigil of Binding         Hex            0%         N/A       100%        3
 Swiftness                Air            0%         N/A       100%        3
 Teleport Other           Tloc           0%         N/A       100%        3
 Volatile Blastmotes      Fire/Tloc      0%         2d10      100%        3
 Airstrike                Air            0%         2d(0-16)  100%        4
 Brom's Barrelling Bould  Conj/Erth      0%         2d3       100%        4
 Dimensional Bullseye     Hex/Tloc       0%         N/A       100%        4
 Flame Wave               Conj/Fire      0%         2d4       100%        4
 Fulminant Prism          Conj/Alch      0%         3d5       100%        4
 Ignite Poison            Fire/Alch      0%         N/A       100%        4
 Iskenderun's Mystic Bla  Conj/Tloc      0%         2d3       100%        4
 Sticky Flame             Fire/Alch      0%         2d4       100%        4
 Summon Blazeheart Golem  Fire/Summ      0%         N/A       100%        4
 Summon Lightning Spire   Summ/Air       0%         N/A       100%        4
 Alistair's Intoxication  Alch           0%         N/A       100%        5
 Borgnjor's Vile Clutch   Necr/Erth      0%         N/A       100%        5
 Curse of Agony           Necr           0%         N/A       100%        5
 Fireball                 Conj/Fire      0%         3d3       100%        5
 Iskenderun's Battlesphe  Conj           0%         2d6       100%        5
 Metabolic Englaciation   Hex/Ice        0%         N/A       100%        5
 Silence                  Hex/Air        0%         N/A       100%        5
 Conjure Ball Lightning   Conj/Air       0%         3x3d6     100%        6
 Eringya's Noxious Bog    Alch           0%         4d6       100%        6
 Plasma Beam              Fire/Air       0%         2x1d10    100%        6
 Sculpt Simulacrum        Ice/Alch       0%         N/A       100%        6
 Starburst                Conj/Fire      0%         6d3       100%        6
 Summon Cactus Giant      Summ           0%         N/A       100%        6
 Orb of Destruction       Conj           0%         9d5       100%        7
 Spellforged Servitor     Conj/Summ      0%         N/A       100%        7
 Discord                  Hex            0%         N/A       100%        8
 Disjunction              Tloc           0%         N/A       100%        8
 Ignition                 Fire           0%         3d3       100%        8


Dungeon Overview and Level Annotations

Branches:
Dungeon (15/15)            Temple (1/1) D:7            Lair (5/5) D:10
 Shoals (4/4) Lair:2       Spider (4/4) Lair:3        Slime (0/5) Lair:5
    Orc (2/2) D:12            Elf (0/3) Orc:2        Vaults (0/5) D:13
 Depths (3/4) D:15          Sewer (visited)         Gauntlet (visited)

Shops:
D:10 =   D:15 (   Orc:1 [   Orc:2 *[[(   Shoals:1 [   Depths:1 =:=
Depths:2 (*

Portals:
Hell: Depths:1 Depths:2
Abyss: Depths:3
Pandemonium: Depths:2
Ziggurat: Depths:1

Annotations:
Temple 2 transporters


Innate Abilities, Weirdness & Mutations

You have an increased reservoir of magic. (+10% MP)
You shall have no god before yourself.
Your divine heritage dramatically boosts your attributes as you level up.


Message History

You slice the freezing wraith!! You burn the freezing wraith!
You destroy the freezing wraith!
The freezing wraith disappears in a puff of smoke!
The spark wasp stings you!
* * * LOW HITPOINT WARNING * * *
The spark wasp shocks you. You resist.
* * * LOW HITPOINT WARNING * * *
You block the spark wasp's attack.
The shadow dragon breathes negative energy at you.
The bolt of negative energy misses you.
You block the deep troll earth mage's attack. x2
The deep troll earth mage claws you!
* * * LOW HITPOINT WARNING * * *
The spark wasp stings you but does no damage.
The walking earthen tome erupts in a flurry of living spells!
The spark wasp closely misses you.
You feel better.
The spark wasp stings you but does no damage.
You block the spark wasp's attack.
The vampire mage casts a spell.
The vampire mage flickers and vanishes for a moment.
You block the ice dragon's attack. x2
The ice dragon tramples you but does no damage.
The deep troll earth mage barely misses you.
The deep troll earth mage claws you!
* * * LOW HITPOINT WARNING * * *
The deep troll earth mage claws you but does no damage.
The shadow dragon bites you but does no damage.
The shadow dragon claws you but does no damage. x2
You feel better. The spark wasp completely misses you.
The spark wasp stings you!!
* * * LOW HITPOINT WARNING * * *
The spark wasp shocks you. You resist.
* * * LOW HITPOINT WARNING * * *
You block the spark wasp's attack. You block the ice dragon's attack. x2
The ice dragon tramples you but does no damage.
The spark wasp closely misses you. The deep troll earth mage bites you.
* * * LOW HITPOINT WARNING * * *
The deep troll earth mage claws you!
You die...

# .. .# .. #. .⌠ #L#
#.# #.. #.# .. #.# ..
.. #.##.##. ..# ...
#.###.#.#.###V#....#
...i...!*;WT.....8.
.# #.#.#.#*#V##T..#,
..###..##.#...*yyTTT#
....###..#.....#@D#
..<...###..[...D.##
........###.8.#.##
..#.....###.#..#
........#.....#
..........#####
...#.....##
†...#....###
...........#


You could see a shadow dragon (catching breath), a walking earthen tome, an ice
dragon, an iron troll, 2 spark wasps, 3 deep trolls, a vampire mage (invisible),
a deep troll earth mage, a freezing wraith (summoned) and 3 living spells.

Vanquished Creatures
  A dread lich (Depths:3)
  3 golden dragons
  A tentacled monstrosity (Depths:1)
  A lich (Depths:3)
  A sphinx (Depths:3)
  A kraken (Shoals:1)
  Gastronok (D:8)
  Ilsuiw (Shoals:3)
  Aizul (Spider:1)
  4 fire giants
  5 frost giants
  A balrug (Depths:2)
  An iron dragon (Depths:3)
  3 ghost moths
  4 emperor scorpions
  2 orc warlords
  A formless jellyfish (Shoals:3)
  2 vampire knights
  2 stone giants
  6 broodmothers (Spider:4)
  7 very ugly things
  A deep elf demonologist (Depths:3)
  A minotaur (Gauntlet)
  15 spark wasps
  5 merfolk impalers
  7 entropy weavers
  2 merfolk javelineers (Shoals:3)
  2 fire dragons (Depths:1)
  A quicksilver dragon skeleton (Depths:2)
  2 ice dragons (Depths:1)
  2 spriggan air magi
  7 ogre magi
  8 hydras
  A jorogumo (Spider:4)
  A rakshasa (D:15)
  The ghost of onwiheg the Thaumaturge, a journeyman DjEE of Gozag (D:10)
  3 merfolk avatars
  A ghost crab (Gauntlet)
  A catoblepas (D:13)
  4 radroaches
  Erica (Lair:2)
  7 boulder beetles
  A death knight (D:15)
  3 alligator snapping turtles
  6 merfolk aquamancers
  6 centaur warriors
  The ghost of Murmeli the Spear-Bearer, a novice MiFi of Okawaru (Lair:1)
  7 deep troll shamans
  5 satyrs
  8 deep troll earth magi
  A death yak (Lair:2)
  28 two-headed ogres
  4 spriggan berserkers
  A vampire mage (Depths:3)
  Urug (Lair:2)
  5 tengu warriors
  3 occultists
  7 demonic crawlers
  2 soul eaters
  A sun demon (D:12)
  3 iron trolls
  2 skeletal warriors
  The ghost of doomer191 the Blocker, a novice GnFi of the Shining One (D:7)
  8 skysharks
  6 pharaoh ants
  A storm dragon skeleton (Depths:2)
  13 sea snakes
  7 orb spiders
  11 deep trolls
  An arcanist (D:14)
  2 orc knights
  3 deep elf pyromancers
  A spectral wolf spider (D:10)
  A sun moth (Spider:1)
  9 harpies
  A phantasmal warrior (D:15)
  7 steelbarb worms
  A golden dragon skeleton (Depths:2)
  A necromancer (Depths:2)
  22 wolf spiders
  2 orc sorcerers
  A spectral centaur (D:10)
  11 manticores
  20 ugly things
  23 fauns
  8 moths of wrath
  12 meliai
  11 cyclopes
  16 elephants
  3 black mambas
  A rust devil (D:12)
  A centaur zombie (D:10)
  6 water nymphs
  2 torpor snails
  A frost giant skeleton (Depths:2)
  3 guardian serpents
  A smoke demon (Depths:2)
  10 merfolk sirens
  An orange demon (D:12)
  A gargoyle (D:10)
  9 cane toads
  An unseen horror (D:12)
  A hellion (Depths:2)
  5 rime drakes
  A freezing wraith (D:15)
  A minotaur zombie (Gauntlet)
  An efreet (D:13)
  4 komodo dragons
  5 yaktaurs (D:14)
  2 tengu conjurers
  6 harpy zombies (Shoals:1)
  29 merfolk
  10 trolls
  29 tarantellas
  A burning bush (Lair:1)
  4 hornets
  A hellwing (D:12)
  14 wind drakes
  9 dream sheep
  5 polar bears
  24 blink frogs
  9 snapping turtles
  A dream sheep (shapeshifter) (Depths:2)
  2 centaur simulacra
  5 slime creatures
  12 jumping spiders
  Sigmund (D:5)
  2 shadows
  A ynoxinul (D:12)
  26 culicivoras
  16 water elementals
  A vampire (D:13)
  Eustachio (D:5)
  5 wraiths
  A yak (shapeshifter) (D:14)
  A spriggan (Depths:1)
  3 wyverns
  45 yaks
  5 wargs
  48 redbacks
  5 steam dragons
  17 vampire mosquitoes
  6 basilisks
  A chaos spawn (D:12)
  Menkaure (D:6)
  An acid dragon (D:12)
  14 water moccasins
  3 manticore zombies (Shoals:1)
  18 orc warriors
  4 ice beasts
  2 sky beasts
  4 laughing skulls
  30 ogres
  A black bear (D:6)
  19 wolves
  8 centaurs
  A wolf (shapeshifter) (D:14)
  A weeping skull (Gauntlet)
  6 kobold brigands
  7 scorpions
  A gnoll sergeant (D:9)
  13 bullfrogs
  8 wights
  5 killer bees
  A howler monkey (D:9)
  A bombardier beetle (D:6)
  An electric eel (Lair:5)
  A wyvern simulacrum (D:7)
  3 quasits (D:12)
  4 gnoll boudas
  A jelly (shapeshifter) (D:15)
  11 orc priests
  3 hounds
  A jelly (D:7)
  2 iguanas (D:6)
  A water moccasin simulacrum (D:7)
  23 orc wizards
  3 sleepcaps
  Natasha (thrice) (D:2)
  4 hell rats (Lair:2)
  A bullfrog simulacrum (D:7)
  A killer bee simulacrum (D:7)
  Robin (D:4)
  13 adders
  29 gnolls
  4 river rats
  A white imp (D:7)
  A dart slug (D:2)
  3 ribbon worms
  66 orcs
  10 ball pythons
  9 endoplasms
  2 giant cockroaches
  19 goblins
  15 hobgoblins
  3 jackals
  4 quokkas
  5 bats (D:3)
  4 frilled lizards
  17 kobolds
  15 rats
  4 tentacles (Shoals:1)
1260 creatures vanquished.

Vanquished Creatures (others)
  A ghost moth (Spider:4)
  A harpy (Lair:5)
  A torpor snail (Spider:4)
  A jumping spider (Spider:4)
  A centaur (D:13)
  An orc wizard (Orc:1)
  An orc (Orc:1)
  9 tentacles (Shoals:1)
16 creatures vanquished.

Grand Total: 1276 creatures vanquished

Notes
Turn   | Place    | Note
-------+----------+-------------------------------------------
     0 | D:1      | Gabide the Demigod Wanderer began the quest for the Orb.
     0 | D:1      | Gabide set off with the following items: a +2 falchion, a
                  | +0 mace, a +0 cloak, a potion of lignification, a +0
                  | leather armour.
     0 | D:1      | Reached XP level 1. HP: 16/16 MP: 3/3
   284 | D:1      | Reached XP level 2. HP: 20/23 MP: 4/4
   633 | D:2      | Identified the +0 ring mail of Pleasant Breezes {Will-
                  | rCorr Str+2 SInv}
   658 | D:2      | Noticed Natasha
   680 | D:2      | Killed Natasha
   681 | D:2      | Reached XP level 3. HP: 3/29 MP: 5/5
   759 | D:2      | Noticed Natasha
  1156 | D:2      | Reached XP level 4. HP: 34/37 MP: 6/6
  1781 | D:2      | Killed Natasha
  1782 | D:2      | Noticed Natasha
  1913 | D:2      | Killed Natasha
  1914 | D:2      | Reached XP level 5. HP: 31/45 MP: 7/7
  2780 | D:3      | You fall into a shaft and drop 1 floor!
  3033 | D:4      | Found a glowing drain.
  3116 | Sewer    | Entered a sewer
  3231 | Sewer    | Reached XP level 6. HP: 29/51 MP: 8/8
  4099 | Sewer    | Reached XP level 7. HP: 53/57 MP: 9/9
  4286 | D:4      | Noticed Robin
  4324 | D:4      | Killed Robin
  4494 | D:4      | Identified the +6 leather armour of the Heavens {Int+2}
  4740 | D:5      | Entered Level 5 of the Dungeon
  5046 | D:5      | Identified the +6 scale mail "Evoem" {rN+}
  5165 | D:5      | Noticed Sigmund
  5169 | D:5      | Reached skill level 5 in Long Blades
  5177 | D:5      | Killed Sigmund
  5178 | D:5      | Reached XP level 8. HP: 58/66 MP: 10/10
  5236 | D:5      | Noticed Eustachio
  5246 | D:5      | Killed Eustachio
  5845 | D:6      | Reached skill level 5 in Fighting
  6169 | D:6      | Reached skill level 5 in Armour
  6169 | D:6      | Reached skill level 5 in Dodging
  6293 | D:6      | Noticed Menkaure
  6303 | D:6      | Killed Menkaure
  6304 | D:6      | Reached XP level 9. HP: 68/74 MP: 11/11
  7133 | D:7      | Noticed doomer191's ghost (novice GnFi)
  7300 | D:7      | Found a runed translucent gate.
  7300 | D:7      | Found a runed translucent gate.
  7300 | D:7      | Found a runed translucent gate.
  7404 | D:7      | Found a staircase to the Ecumenical Temple.
  7410 | Temple   | Found a transporter.
  7410 | Temple   | Found a transporter.
  7410 | Temple   | Found a transporter.
  7410 | Temple   | Found a transporter.
  7410 | Temple   | Entered the Ecumenical Temple
  8005 | D:7      | Killed doomer191's ghost
  8044 | D:7      | Got the ring "Henwom" {Fire ^Contam rCorr Str+5 Int+2}
  8046 | D:7      | Identified the +3 leather armour of Tyig Zof {rPois rC+}
  8168 | D:7      | Reached skill level 10 in Long Blades
  8276 | D:7      | Reached XP level 10. HP: 68/81 MP: 13/13
  8417 | D:8      | Noticed Gastronok
  8439 | D:8      | Killed Gastronok
  8571 | D:8      | Noticed a two-headed ogre
  8577 | D:8      | Killed a two-headed ogre
  9130 | D:9      | Noticed a boulder beetle
  9130 | D:9      | Noticed a centaur warrior
  9139 | D:9      | Killed a centaur warrior
  9159 | D:9      | Killed a boulder beetle
  9419 | D:9      | Noticed a two-headed ogre
  9428 | D:9      | Killed a two-headed ogre
  9531 | D:9      | Reached XP level 11. HP: 88/88 MP: 14/14
 10159 | D:10     | Entered Level 10 of the Dungeon
 10159 | D:10     | Found Udwuf's Jewellery Shop.
 10174 | D:10     | Found a runed translucent gate.
 10174 | D:10     | Found a runed translucent gate.
 10175 | D:10     | Found a runed translucent gate.
 10179 | D:10     | Noticed onwiheg's ghost (journeyman DjEE)
 10763 | D:10     | Found a staircase to the Lair.
 10771 | D:10     | Noticed a two-headed ogre
 10779 | D:10     | Killed a two-headed ogre
 10970 | D:10     | Killed onwiheg's ghost
 11154 | Lair:1   | Entered Level 1 of the Lair of Beasts
 11274 | Lair:1   | Noticed Murmeli's ghost (novice MiFi)
 11276 | Lair:1   | Noticed a four-headed hydra
 11306 | Lair:1   | Found a transporter.
 11324 | Lair:1   | Found a transporter.
 11339 | Lair:1   | Found a gate leading to a gauntlet.
 11352 | Gauntlet | Entered a Gauntlet
 11352 | Gauntlet | Found a transporter.
 11361 | Gauntlet | Found a transporter.
 11378 | Gauntlet | Found a transporter.
 11382 | Gauntlet | Found a transporter.
 11392 | Gauntlet | Noticed a ghost crab
 11404 | Gauntlet | Found a transporter.
 11418 | Gauntlet | Noticed a wretched star
 11421 | Gauntlet | Found a transporter.
 11431 | Gauntlet | Found a transporter.
 11456 | Gauntlet | Noticed a catoblepas
 11458 | Gauntlet | Found a transporter.
 11458 | Gauntlet | Found a transporter.
 11464 | Gauntlet | Found a transporter.
 11481 | Gauntlet | Noticed an arcanist
 11487 | Gauntlet | Noticed an occultist
 11497 | Gauntlet | Found a transporter.
 11497 | Gauntlet | Found a transporter.
 11549 | Gauntlet | Reached skill level 15 in Long Blades
 11558 | Gauntlet | Identified the +1 pair of boots of Satisfaction {rElec rN++
                  | Stlth-}
 11594 | Gauntlet | Noticed a spectral eleionoma
 11597 | Gauntlet | Killed a ghost crab
 11634 | Gauntlet | Identified the +2 hat of Jigsaw {rElec rPois rC- Str+3}
 11652 | Gauntlet | Identified the +9 shortbow of Enidghuh {antimagic, Int+7}
 11652 | Gauntlet | Noticed a minotaur
 11666 | Gauntlet | Killed a minotaur
 11667 | Gauntlet | Reached skill level 1 in Shields
 11711 | Gauntlet | Got Gell's Vademecum on Portals
 11746 | Gauntlet | Identified the +4 war axe "Wyck" {heavy, rF+ Stlth+}
 11796 | Lair:1   | Reached skill level 2 in Shields
 12198 | Lair:1   | Reached XP level 12. HP: 82/96 MP: 15/15
 12375 | Lair:1   | You fall into a shaft and drop 1 floor!
 12375 | Lair:2   | Noticed Erica
 12380 | Lair:2   | Killed Erica
 12381 | Lair:2   | Reached skill level 3 in Shields
 12818 | Lair:2   | Reached skill level 4 in Shields
 13090 | Lair:2   | Found a staircase to the Shoals.
 13198 | Lair:2   | Noticed Urug
 13211 | Lair:2   | Killed Urug
 13269 | Lair:2   | Noticed a six-headed hydra
 13278 | Lair:2   | Killed a two-headed hydra
 13940 | Lair:1   | Killed Murmeli's ghost
 13947 | Lair:1   | Killed a one-headed hydra
 13948 | Lair:1   | Reached skill level 5 in Shields
 14033 | Lair:3   | Noticed a seven-headed hydra
 14053 | Lair:3   | Killed a two-headed hydra
 14059 | Lair:3   | Noticed an eight-headed hydra
 14071 | Lair:3   | Killed a five-headed hydra
 14165 | Lair:3   | Reached XP level 13. HP: 107/107 MP: 16/16
 14290 | Lair:3   | Found a hole to the Spider Nest.
 14882 | Lair:4   | Reached skill level 10 in Dodging
 15028 | Lair:4   | Reached skill level 6 in Shields
 15815 | Lair:5   | Entered Level 5 of the Lair of Beasts
 16102 | Lair:5   | Reached skill level 7 in Shields
 16914 | Lair:5   | Found a staircase to the Slime Pits.
 17110 | Lair:5   | Reached XP level 14. HP: 119/119 MP: 17/17
 17729 | D:10     | Bought the ring of Monnal {rF++ MP+9 SInv} for 827 gold
                  | pieces
 17873 | D:11     | Found the +7 staff of the Meek {protect, meekguard}
 17924 | D:11     | Paralysed by an ogre mage for 5 turns
 18320 | D:11     | Reached skill level 8 in Shields
 18562 | D:11     | Reached skill level 10 in Fighting
 18656 | D:11     | Reached skill level 10 in Armour
 19386 | D:12     | Found a staircase to the Orcish Mines.
 19460 | D:12     | Reached skill level 9 in Shields
 19734 | D:12     | Identified the +0 cloak of the Fiddle {rElec Will+++ Dex-5
                  | Stlth+}
 21243 | D:13     | Found a gate to the Vaults.
 21347 | D:14     | Reached skill level 10 in Shields
 22622 | D:14     | Reached XP level 15. HP: 124/129 MP: 18/18
 23222 | D:15     | Entered Level 15 of the Dungeon
 23487 | D:15     | Found a staircase to the Depths.
 23497 | D:15     | Reached skill level 11 in Shields
 24469 | D:15     | Found Baukhifaeh's Weapon Shop.
 24966 | Orc:1    | Entered Level 1 of the Orcish Mines
 24966 | Orc:1    | Found Ybikicea's Antique Armour Emporium.
 24978 | Orc:1    | Bought a pair of crude gloves for 332 gold pieces
 24978 | Orc:1    | Identified the +2 pair of gloves of Music {Int+2} (You
                  | bought it in a shop on level 1 of the Orcish Mines)
 25325 | Orc:1    | Reached skill level 12 in Shields
 25482 | Orc:2    | Entered Level 2 of the Orcish Mines
 26262 | Orc:2    | Found a staircase to the Elven Halls.
 26579 | Orc:2    | Found Waog's Assorted Antiques.
 26579 | Orc:2    | Found Jeirick's Antique Armour Shoppe.
 26580 | Orc:2    | Found Vuefacu's Armour Shoppe.
 26580 | Orc:2    | Found Eweum's Antique Weapon Boutique.
 26589 | Orc:2    | Bought an ancient long sword for 246 gold pieces
 26589 | Orc:2    | Identified the +5 long sword "Xozeod" {protect, rPois
                  | Will++ Stlth+} (You bought it in a shop on level 2 of the
                  | Orcish Mines)
 26604 | Orc:2    | Bought a scroll of blinking for 172 gold pieces
 26604 | Orc:2    | Bought a potion of curing for 69 gold pieces
 26605 | Orc:2    | Bought a runed helmet for 225 gold pieces
 27373 | Shoals:1 | Entered Level 1 of the Shoals
 27382 | Shoals:1 | Identified the +5 ring mail of Bocap {rPois rC+ Regen+
                  | SInv}
 27391 | Shoals:1 | Reached skill level 15 in Dodging
 27391 | Shoals:1 | Reached skill level 13 in Shields
 27908 | Shoals:1 | Reached XP level 16. HP: 132/141 MP: 19/19
 27946 | Shoals:1 | Noticed a kraken
 28002 | Shoals:1 | Killed a kraken
 28406 | Shoals:2 | Reached skill level 14 in Shields
 28671 | Shoals:2 | Identified the blade talisman "Xeoshrikk" {rC+ Will+ Int+3}
 29500 | Shoals:1 | Found Sytaqifa's Armour Emporium.
 29860 | Shoals:3 | Found a flickering gateway to a bazaar.
 29869 | Bazaar   | Entered a bazaar
 29883 | Bazaar   | Found Valithih's Jewellery Emporium.
 29912 | Bazaar   | Found Niedoar's Weapon Shoppe.
 29912 | Bazaar   | Found Acybeb's Book Emporium.
 30650 | Shoals:3 | Noticed Ilsuiw
 30709 | Shoals:3 | Killed Ilsuiw
 30996 | Shoals:4 | Entered Level 4 of the Shoals
 31153 | Shoals:3 | Paralysed by a formless jellyfish for 1 turns
 31372 | Shoals:4 | Reached skill level 15 in Shields
 31655 | Shoals:4 | Identified the ring "Zuextut" {rF++ Will+}
 32040 | Shoals:4 | Identified the staff of Vypsongosud {Will+ Str+4 Earth}
 32060 | Shoals:4 | Reached XP level 17. HP: 154/154 MP: 20/20
 32466 | Shoals:4 | Got a barnacled rune of Zot
 32655 | Spider:1 | Entered Level 1 of the Spider Nest
 33294 | Orc:2    | Bought a scroll of enchant weapon for 172 gold pieces
 33294 | Orc:2    | Bought a scroll of enchant weapon for 172 gold pieces
 34484 | Spider:2 | Identified the serpent talisman of Hedonism {*Slow rF+
                  | Will+}
 34484 | Spider:2 | Noticed Aizul
 34493 | Spider:1 | Killed Aizul
 34508 | Spider:1 | Reached skill level 15 in Fighting
 34569 | Spider:1 | Reached skill level 15 in Armour
 35566 | Spider:3 | Identified the +0 sling of Meifucw {freeze, Will+ Dex-2
                  | Stlth+}
 35666 | Spider:3 | Identified a scroll of acquirement
 35667 | Spider:3 | Acquired a manual of Shields
 35895 | Spider:4 | Entered Level 4 of the Spider Nest
 36613 | Spider:4 | Reached XP level 18. HP: 163/163 MP: 21/21
 36763 | Spider:4 | Got a gossamer rune of Zot
 36930 | Spider:4 | Reached skill level 16 in Shields
 37528 | Depths:1 | Entered Level 1 of the Depths
 37610 | Depths:1 | Found Uneilal's Jewellery Emporium.
 37611 | Depths:1 | Found Pujomn's Book Boutique.
 37612 | Depths:1 | Found Qeoxeixu's Jewellery Emporium.
 37659 | Depths:1 | Found a one-way gateway to a ziggurat.
 37741 | Depths:1 | Noticed a tentacled monstrosity
 37758 | Depths:1 | Killed a tentacled monstrosity
 38303 | Depths:1 | Found a gateway to Hell.
 38509 | Depths:2 | Found Gozag's Assorted Antiques.
 38729 | Depths:2 | Found a one-way gate leading to the halls of Pandemonium.
 38842 | Depths:2 | Found Gozag's Antique Weapon Emporium.
 38867 | Depths:2 | Found Gozag's Antique Weapon Shoppe.
 38867 | Depths:2 | Noticed a golden dragon
 38958 | Depths:2 | Killed a golden dragon
 38959 | Depths:2 | Reached skill level 17 in Shields
 39800 | Shoals:1 | Bought the +3 crown of Dyrovepreva {rElec Int+2 SInv} for
                  | 579 gold pieces
 39800 | Shoals:1 | Found the +3 crown of Dyrovepreva {rElec Int+2 SInv}
 40183 | Depths:3 | Noticed a golden dragon
 40208 | Depths:3 | Killed a golden dragon
 40331 | Depths:3 | Found a one-way gate to the infinite horrors of the Abyss.
 40513 | Depths:3 | Noticed a golden dragon
 40544 | Depths:3 | Killed a golden dragon
 40561 | Depths:3 | Noticed a dread lich
 40574 | Depths:3 | Killed a dread lich
 40575 | Depths:3 | Reached XP level 19. HP: 153/173 MP: 22/22
 40612 | Depths:3 | HP: 6/167 [spark wasp (5)]
 40612 | Depths:3 | Slain by a deep troll earth mage

Illustrated notes

Levels and vault maps discovered:
D:1:      lightli_arrival_noodles, layout_rooms
D:2:      layout_rooms, grunt_ministairs_1, minmay_joined_circles, uniq_natasha
D:3:      minmay_diamond_boxcup, layout_basic
D:4:      layout_rooms, portal_sewer_entry_c, uniq_robin
D:5:      layout_loops_ring, grunt_gozag_breadcrumbs,
          nicolae_elevator_lobby_asterisk, uniq_eustachio, uniq_sigmund
D:6:      layout_loops_ring, mainiacjoe_overflow_six_doors_small,
          kiku_gazebo_pond_becter, mainiacjoe_overflow_paths,
          mainiacjoe_overflow_two_lobes, corexii_shack, nicolae_sextant,
          chequers_serial_rivers_small_a, uniq_menkaure
D:7:      layout_loops_ring, minmay_temple_entry_fiery, gammafunk_ghost_icy,
          nicolae_tricolors
D:8:      layout_rooms, uniq_gastronok
D:9:      layout_stronghold, general_overflow_altar, minivault_20
D:10:     layout_long_grid, mainiacjoe_overflow_catwalk_spiral,
          lair_entry_dummy, gammafunk_ghost_necromancy, serial_shops,
          nicolae_shop_hallway_stairs
D:11:     minmay_the_grid_octo_2x2 [minmay_the_grid_octo_empty,
          minmay_the_grid_octo_pinwheel, minmay_the_grid_octo_concentric,
          minmay_the_grid_octo_prize_star], layout_gridville
D:12:     layout_roguey, minmay_orc_entry_temple_small, serial_demonic,
          serial_demonic_f, serial_demonic_b, serial_demonic_g,
          serial_demonic_c, serial_demonic_b, serial_demonic_g,
          serial_demonic_b, serial_demonic_a, fake_guardian_serpent_vault
D:13:     layout_rooms, hellmonk_vaults_attempted_burglary
D:14:     layout_layer_cave, elyvilon_altar_1
D:15:     grunt_enter_depths_snipers, layout_rooms, serial_corexii_hall,
          chequers_hall_statues_wall_a, chequers_hall_statues_y,
          lemuel_coloured_pillars_altar, serial_shops,
          nicolae_shop_bloodbath_and_beyond
Temple:   hellmonk_temple_divided_pantheon
Lair:1:   layout_long_grid, gammafunk_ghost_arena, gauntlet_entry_generic,
          evilmike_ambush [evilmike_ambush_outer_corners,
          evilmike_ambush_inner_basic]
Lair:2:   layout_roguey, elwin_shoals_entry_rooms, serial_bayou_shore_b,
          grunt_megastairs_2, infiniplex_staircase_pool_2, uniq_urug, uniq_erica
Lair:3:   layout_cave_shapes, hellmonk_spider_entry_not_the_bees,
          serial_bayou_shore_a, grunt_megastairs_3, lemuel_fruit_fields
Lair:4:   layout_loops_ring
Lair:5:   gammafunk_lair_ancient_temple, layout_small_grid, slime_entry_1,
          serial_bayou_shore_b, infiniplex_staircase_pool
Shoals:1: layout_shoals, serial_shops, nicolae_shop_back_alley_shop,
          nicolae_shoals_undead_eyrie
Shoals:2: layout_shoals, nicolae_shoals_water_elemental_grotto
Shoals:3: layout_shoals, serial_shops, bzr_entry_islet,
          nicolae_shoals_lost_giant_amphitheater, nicolae_shoals_seven_spires,
          overgrown_hall, uniq_ilsuiw
Shoals:4: shoals_end_grunt_garden, layout_shoals
Spider:1: layout_chambers, hangedman_spider_tarantella_strand
Spider:2: layout_spider_delve, uniq_aizul
Spider:3: layout_spider_delve
Spider:4: hellmonk_spider_rune_endless_swarm
Orc:1:    layout_caves, serial_shops, shop, nicolae_orc_takin'_care_of_business
Orc:2:    st_orc_ogre_mass, layout_diamond_mine
Depths:1: layout_roguey, enter_ziggurat_a, lemuel_crystal_altar,
          pf_hell_entry_great_geh, st_stairs_7, lightli_fourway_metalbox,
          minmay_shop_grove
Depths:2: kennysheep_gozag_temple, layout_gridlike, rand_demon_pan_entry_7,
          hell_entry
Depths:3: minmay_complete_graph, layout_cave_shapes, hell_entry,
          grunt_decor_clamped, nicolae_abyss_entry_one_way_or_another,
          enter_trove_6

Skill      XL: |  1  2  3  4  5  6  7  8  9 10 11 12 13 14 15 16 17 18 |
---------------+-------------------------------------------------------+-----
Long Blades    | 2 3 4 5 6 10 13 15 16 | 16.4
Maces & Flails | 3 |  3.0
Fighting       | 2 3 4 5 6 8 9 11 12 14 15 16 | 16.3
Armour         | 2 3 4 5 6 7 9 11 12 14 15 16 | 16.3
Dodging        | 2 3 4 5 6 9 12 14 15 16 | 16.3
Shields        | 2 5 7 10 13 15 17 | 17.4
Throwing       | |  1.0
Stealth        | |  1.0

Action                     |  1- 3 |  4- 6 |  7- 9 | 10-12 | 13-15 | 16-18 | 19-21 || total
---------------------------+-------+-------+-------+-------+-------+-------+-------++-------
  Melee: Falchion          |    90 |   345 |   257 |       |       |       |       ||   692
         Punch             |     2 |     5 |     4 |     1 |       |       |       ||    12
         Long sword        |       |       |    99 |   307 |   295 |  1374 |       ||  2075
         Scimitar          |       |       |       |   251 |  1526 |  1399 |    34 ||  3210
   Fire: Sling             |       |       |    74 |     5 |       |       |       ||    79
         Arbalest          |       |       |       |    19 |       |       |       ||    19
  Throw: Dart              |       |       |       |     9 |     1 |     6 |     1 ||    17
  Evoke: Wand              |       |       |       |     4 |     1 |     4 |       ||     9
    Use: Scroll            |     2 |     8 |    11 |     5 |    19 |    13 |     1 ||    59
         Potion            |     1 |       |       |     3 |     7 |     5 |     2 ||    18
   Stab: Sleeping          |     2 |     1 |       |       |       |     3 |       ||     6
         Distracted        |       |       |     1 |       |       |     2 |       ||     3
         Paralysed         |       |       |       |     2 |     5 |       |       ||     7
         Petrified         |       |       |       |       |     2 |       |       ||     2
         Held in net/web   |       |       |       |       |       |     1 |       ||     1
 Armour: Leather armour    |    50 |    20 |       |       |       |       |       ||    70
         Skin              |    27 |       |       |       |       |       |       ||    27
         Ring mail         |       |   172 |    69 |       |    75 |   786 |       ||  1102
         Scale mail        |       |       |   156 |   268 |   552 |       |       ||   976
         Gold dragon scale |       |       |       |       |       |    96 |    53 ||   149
  Dodge: Dodged            |    50 |   205 |   235 |   361 |  1284 |  1772 |    33 ||  3940
         Repelled          |       |       |       |     2 |     5 |    15 |       ||    22
  Block: Other             |       |    73 |   105 |    38 |       |       |       ||   216
         Reflection        |       |     1 |     3 |    12 |    65 |    92 |       ||   173
         Buckler           |       |       |       |   235 |   481 |       |       ||   716
         Kite shield       |       |       |       |       |  1534 |  3204 |    62 ||  4800
